 Dungeon Crawl Stone Soup version 0.31-a0-496-g6f97920a28 (webtiles) character file.

Game seed: 7131744245661069060

37 AstroCodex24 the Trooper (level 3, -2/29 HPs)
             Began as a Vampire Fighter on Aug 8, 2023.
             Slain by an orc
             ... wielding a +0 flail
              (4 damage)
             ... on level 3 of the Dungeon.
             The game lasted 00:02:13 (508 turns).

AstroCodex24 the Trooper (Vampire Fighter)           Turns: 508, Time: 00:02:14

Health: -2/29      AC: 11    Str: 17    XL:     3   Next: 21%
Magic:  3/3        EV:  7    Int: 10    God:
Gold:   35         SH:  0    Dex: 13    Spells: 2/2 levels left

rFire   . . .        a - +0 war axe
rCold   + . .        c - +0 buckler
rNeg    . . .        e - +2 chain mail {rC+}
rPois   .            (no helmet)
rElec   .            (no cloak)
rCorr   .            (no gloves)
SInv    +            (no boots)
Will    .....        (no amulet) Stlth
                     (no ring)
HPRegen 0.44/turn    (no ring)
MPRegen 0.08/turn

%: no passive effects
@: confused, healing quickly
A: alive, fangs 3, see invisible, vampiric 2
a: Exsanguinate


You were on level 3 of the Dungeon.
You visited 1 branch of the dungeon, and saw 3 of its levels.

You collected 35 gold pieces.

Inventory:

Hand Weapons
 a - a +0 war axe (weapon)
Armour
 b - a +0 scale mail
 c - a +0 buckler (worn)
 e - a +2 chain mail of cold resistance (worn)
Scrolls
 g - a scroll of enchant armour {unknown}
Potions
 d - a potion of might
 f - a potion of curing {unknown}


   Skills:
 + Level 3.1 Fighting
 + Level 2.3 Axes
 + Level 2.7 Armour
 + Level 2.9 Shields


You had 2 spell levels left.
You didn't know any spells.
Your spell library was empty.

Dungeon Overview and Level Annotations

Branches:
Dungeon (3/15)

Altars:


Innate Abilities, Weirdness & Mutations

Your natural rate of healing is accelerated.
You have razor-sharp teeth.
You have supernaturally acute eyesight. (SInv)
You are afflicted with vampirism and can become a bat while bloodless.


Message History

You are more confused.
You miss the orc wizard. You hit the orc. The orc barely misses you.
The orc closely misses you.
The orc wizard hits you but does no damage.
The orc barely misses you. The orc hits you but does no damage.
The orc wizard hits you but does no damage.
The orc hits you with a +0 flail.
You slash the orc wizard!
The orc wizard is severely wounded.
You hit the orc. You closely miss the orc.
The orc hits you but does no damage. x2
The orc wizard hits you but does no damage.
The orc hits you but does no damage.
You closely miss the orc.
The orc is severely wounded.
You miss the orc wizard. You barely miss the orc. The orc barely misses you.
The orc hits you with a +2 flail of holy wrath.
You convulse.
The orc barely misses you. The orc wizard barely misses you.
The orc barely misses you. The orc wizard barely misses you.
The orc hits you from afar with a +0 trident.
The orc hits you but does no damage.
You bump into the rock wall.
The orc hits you from afar with a +0 trident.
The orc hits you with a +2 flail of holy wrath.
* * * LOW HITPOINT WARNING * * *
You convulse.
* * * LOW HITPOINT WARNING * * *
The orc wizard hits you with a +0 dagger.
* * * LOW HITPOINT WARNING * * *
The orc completely misses you.
You slash the orc!
You kill the orc!
You barely miss the orc wizard. You closely miss the orc.
The orc wizard hits you but does no damage.
The orc barely misses you. x2
You barely miss the orc wizard.
The orc wizard is severely wounded.
You hit the orc.
The orc wizard hits you but does no damage.
The orc hits you but does no damage. The orc hits you with a +0 flail.
You die...

##### #+# ...# #.#
#########.######o#
...............o@#
######........o)##
#..........#
#..........#
#..........#
#^.........#
#..........#
#..........#


You could see an orc wizard and 2 orcs.

Vanquished Creatures
  An adder (D:3)
  A dart slug (D:3)
  2 orcs (D:3)
  2 endoplasms
  4 goblins
  2 hobgoblins (D:2)
  A quokka (D:3)
  2 ball pythons
  3 bats
  3 frilled lizards
  2 rats (D:2)
23 creatures vanquished.

Notes
Turn   | Place    | Note
-------+----------+-------------------------------------------
     0 | D:1      | AstroCodex24 the Vampire Fighter began the quest for the
                  | Orb.
     0 | D:1      | Reached XP level 1. HP: 17/17 MP: 1/1
   250 | D:2      | Reached XP level 2. HP: 23/23 MP: 2/2
   295 | D:3      | Reached skill level 3 in Fighting
   403 | D:3      | Gained mutation: You are afflicted with vampirism and can
                  | become a bat while bloodless. [Vampire growth]
   403 | D:3      | Reached XP level 3. HP: 20/29 MP: 3/3
   506 | D:3      | HP: 1/29 [orc wizard/+0 dagger (2)]
   508 | D:3      | Slain by an orc

Illustrated notes

Levels and vault maps discovered:
D:1:      eino_arrival_cavern_d, layout_rooms, minivault_26
D:2:      layout_basic, uniq_terence, uniq_natasha, uniq_jessica
D:3:      layout_basic, lightli_temple_of_fire,
          shapermc_ecumenical_altar_hornbeckon, uniq_robin

Skill      XL: |  1  2 |
---------------+-------+-----
Fighting       | 3 |  3.1
Axes           | 2 |  2.3
Armour         | |  2.7
Shields        | |  2.9

Action                     || total
---------------------------++-------
  Melee: War axe           ||    58
         Bite              ||     3
 Armour: Chain mail        ||    75
         Scale mail        ||     3
  Dodge: Dodged            ||    47
  Block: Buckler           ||    19

Table legend: (Time is in decaauts)
 A = Elapsed time spent in this place.
 B = Non-inter-level travel time spent in this place.
 C = Inter-level travel time spent in this place.
 D = Time resting spent in this place.
 E = Time spent auto-exploring this place.
 F = Levels seen in this place.
 G = Mean time per level.
                   A        B        C        D        E       F      G
               +--------+--------+--------+--------+--------+-----+--------+
         Total |    533 |    533 |      0 |      0 |      0 |   3 |  177.7 |
       Dungeon |    533 |    533 |      0 |      0 |      0 |   3 |  177.7 |
               +--------+--------+--------+--------+--------+-----+--------+

Top non-repeatable levels by time:
     D:3: 242 daAuts
     D:1: 236 daAuts
     D:2: 54 daAuts
